 Dungeon Crawl Stone Soup version 0.29.1-13-g9f3cf754e1 (webtiles) character file.

Game seed: 3583368651959227361

3120 DemonSlayer the Magician (level 9, 0/59 HPs)
             Began as a Demonspawn Earth Elementalist on Jan 30, 2023.
             Slain by an orc warrior (3 damage)
             ... in a bailey.
             The game lasted 00:21:28 (10919 turns).

DemonSlayer the Magician (DsEE)                    Turns: 10919, Time: 00:21:29

Health: 0/59       AC:  7    Str: 25    XL:     9   Next: 60%
Magic:  19/20      EV: 12    Int: 16    God:
Gold:   152        SH:  0    Dex: 14    Spells: 5/23 levels left

rFire   + . .      SeeInvis +   i - +1 dagger (drain)
rCold   + . .      Faith    .   (no shield)
rNeg    . . .      Spirit   .   G - +1 leather armour of Liberalism {Str+6}
rPois   .          Reflect  .   (helmet restricted)
rElec   .          Harm     .   r - scarf {rC+ rF+}
rCorr   .          Rampage  .   C - +0 pair of gloves
Will    .....                   (no boots)
Stlth   +++.......              (no amulet)
HPRegen 0.19/turn               B - ring of see invisible
MPRegen 0.17/turn               E - +6 ring of strength

@: no status effects
A: antennae 1, yellow scales 1, foul stench 2, demonic magic 1
a: no special abilities


You were in a bailey.
You visited 2 branches of the dungeon, and saw 10 of its levels.
You also visited: Bailey.

You collected 308 gold pieces.
You spent 156 gold pieces at shops.

Inventory:

Hand Weapons
 i - a +1 dagger of draining (weapon)
 F - a +5 scimitar
Armour
 r - a scarf of resistance (worn)
 C - a +0 pair of gloves (worn)
 G - the +1 leather armour of Liberalism (worn) {Str+6}
   (You found it on level 7 of the Dungeon)

   Str:       It affects your strength (+6).
Jewellery
 B - a ring of see invisible (left hand)
 E - a +6 ring of strength (right hand)
Wands
 a - a wand of roots (17)
 j - a wand of polymorph (14)
 w - a wand of charming (12)
Scrolls
 d - a scroll of brand weapon {unknown}
 e - 3 scrolls of amnesia {unknown}
 f - 2 scrolls of fear {unknown}
 m - 2 scrolls of poison {unknown}
 n - 2 scrolls of magic mapping {unknown}
 p - a scroll of butterflies {unknown}
 q - 2 scrolls of enchant weapon {unknown}
 s - a scroll of noise {unknown}
 u - 2 scrolls of teleportation {unknown}
 v - a scroll of torment {unknown}
 x - a scroll of blinking {unknown}
 z - 2 scrolls of vulnerability
Potions
 b - a potion of magic
 c - a potion of invisibility
 g - 2 potions of lignification
 h - 5 potions of curing
 k - 2 potions of attraction
 o - a potion of might {unknown}
 t - a potion of flight {unknown}
 D - a potion of degeneration {unknown}


   Skills:
 + Level 1.4 Fighting
 + Level 1.3 Short Blades
 + Level 0.1 Staves
 + Level 1.4 Armour
 + Level 2.9 Dodging
 + Level 6.3 Stealth
 + Level 7.7 Spellcasting
 + Level 0.8 Transmutations
 + Level 7.7 Earth Magic


You had 5 spell levels left.
You knew the following spells:

 Your Spells              Type           Power      Damage    Failure   Level
a - Sandblast             Erth           60%        2d14      1%          1
b - Stone Arrow           Conj/Erth      36%        3d9       9%          3
c - Petrify               Tmut/Erth      19%        N/A       22%         4
d - Olgreb's Toxic Radia  Pois           6%         N/A       78%         4
e - Summon Guardian Gole  Hex/Summ       6%         N/A       36%         3
f - Call Canine Familiar  Summ           6%         N/A       36%         3

Your spell library contained the following spells:

 Spells                   Type           Power      Damage    Failure   Level
 Passwall                 Tmut/Erth      15%        N/A       3%          2
 Sting                    Tmut/Pois      28%        1d4       11%         1
 Summon Small Mammal      Summ           24%        N/A       13%         1
 Poisonous Vapours        Pois/Air       12%        N/A       21%         2
 Sublimation of Blood     Necr           6%         N/A       21%         2
 Ozocubu's Armour         Ice            6%         N/A       36%         3
 Ice Form                 Ice/Tmut       7%         N/A       73%         4
 Hailstorm                Conj/Ice       6%         3d4       78%         4
 Irradiate                Conj/Tmut      3%         3d12      97%         5
 Simulacrum               Ice/Necr       3%         N/A       100%        6
 Ozocubu's Refrigeration  Ice            3%         4d8       100%        7


Dungeon Overview and Level Annotations

Branches:
Dungeon (10/15)            Temple (1/1) D:6          Bailey (1/1)
   Lair: D:8-11         Orc: D:9-12

Altars:
Ashenzari
Cheibriados
Dithmenos
Fedhas
Gozag
Hepliaklqana
Kikubaaqudgha
Makhleb
Nemelex Xobeh
Okawaru
Qazlal
Ru
Trog
Uskayaw
Vehumet
Xom

Shops:
D:4 (   D:5 *


Innate Abilities, Weirdness & Mutations

You have a pair of small antennae on your head.
You are partially covered in yellow scales. (AC +2)
You sometimes emit foul miasma when damaged in melee.
Spells you cast may paralyse adjacent enemies.


Message History

You start waiting.
Done waiting.
You start waiting.
Done waiting.
There is a gate leading back out of this place here.
Items here: )) [[.
An orc warrior comes into view. It is wielding a +0 arbalest.
An orc warrior comes into view. It is wielding a +0 arbalest.
The orc warrior shouts!
An orc warrior comes into view. It is wielding a +0 arbalest.
The orc warrior moves out of view.
An orc warrior comes into view. It is wielding a +0 arbalest.
The orc warrior shoots a bolt.
The bolt hits you.
You hear a shout!
The orc warrior shouts!
You hit the orc warrior but do no damage.
The orc warrior shoots a bolt.
The bolt hits you!!
The orc warrior unwields a +0 arbalest.
The orc warrior hits you!
You emit a cloud of foul miasma!
Unknown command.
Casting: Sandblast (safe; 1% risk of failure)
Confirm with . or Enter, or press ? or * to list all spells.
Aiming: Sandblast (safe; 1% risk of failure)
Press: ? - help, Shift-Dir - straight line, f - orc warrior
Aim: an orc warrior, wearing a +0 ring mail (foul pestilence, 80% to hit)
The blast of sand hits the orc warrior!
The orc warrior is heavily wounded.
Malevolent energies surge around you.
The orc warrior suddenly stops moving!
The orc warrior shoots a bolt.
The bolt hits you!
* * * LOW HITPOINT WARNING * * *
The orc warrior is engulfed in dark miasma.
The orc warrior is poisoned.
The orc warrior shouts!
The helpless orc warrior fails to defend itself.
You impale the orc warrior!!
You kill the orc warrior!
The orc warrior shoots a bolt.
The bolt hits you!
* * * LOW HITPOINT WARNING * * *
Found a gate leading back out of this place.
The orc warrior unwields a +0 arbalest.
The orc warrior hits you.
You die...

.# ....... .## ##.......
..# #......... ..##
##......... ...##
##......... ≈...####
####...≈≈≈.≈≈
≈......###......≈# .#
≈...............≈#o.##≈.
................@oo..#≈.
≈...............≈##.##≈.
≈...............≈≈# #
.................≈≈≈
.....................
.....................
......................
.......................
################


You could see 3 orc warriors.

Vanquished Creatures
  Joseph (D:7)
  A wyvern (D:7)
  Edmund (D:4)
  Menkaure (D:7)
  Duvessa (D:4)
  A water moccasin (D:6)
  An ice beast (D:5)
  2 orc warriors (Bailey)
  A sky beast (D:7)
  3 ogres
  2 centaurs (D:7)
  2 bullfrogs (D:7)
  A gnoll sergeant (D:7)
  A necrophage (D:7)
  2 scorpions (D:6)
  6 wights
  Dowan (D:4)
  A howler monkey (D:6)
  A gnoll bouda (D:7)
  2 orc priests
  3 hounds
  5 iguanas
  3 orc wizards
  11 adders
  11 gnolls
  A shadow imp (D:6)
  6 worms
  A dart slug (D:1)
  16 orcs
  3 ball pythons
  7 endoplasms
  3 giant cockroaches (D:2)
  10 goblins
  3 hobgoblins
  5 jackals
  3 quokkas
  6 bats
  A frilled lizard (D:1)
  8 kobolds
  5 rats
143 creatures vanquished.

Vanquished Creatures (others)
  A human (D:7)
  2 plants (D:3)
3 creatures vanquished.

Grand Total: 146 creatures vanquished

Notes
Turn   | Place    | Note
-------+----------+-------------------------------------------
     0 | D:1      | DemonSlayer the Demonspawn Earth Elementalist began the
                  | quest for the Orb.
     0 | D:1      | Reached XP level 1. HP: 13/13 MP: 3/3
   307 | D:1      | Gained mutation: You have a pair of small antennae on your
                  | head. [demonic ancestry]
   307 | D:1      | Reached XP level 2. HP: 19/19 MP: 1/5
   831 | D:1      | Gained mutation: You are partially covered in yellow
                  | scales. (AC +2) [demonic ancestry]
   831 | D:1      | Reached XP level 3. HP: 24/24 MP: 3/6
  1332 | D:1      | Learned a level 3 spell: Stone Arrow
  1921 | D:2      | Reached XP level 4. HP: 30/30 MP: 5/8
  2456 | D:2      | Learned a level 4 spell: Petrify
  2745 | D:3      | Found a sparkling altar of Nemelex Xobeh.
  2979 | D:4      | Gained mutation: Spells you cast may paralyse adjacent
                  | enemies. [demonic ancestry]
  2979 | D:4      | Reached XP level 5. HP: 33/35 MP: 6/10
  3151 | D:4      | Noticed an ogre
  3159 | D:4      | Killed an ogre
  3201 | D:4      | Found a broken altar of Ashenzari.
  3238 | D:4      | Noticed Edmund
  3246 | D:3      | Found an opulent altar of Gozag.
  3477 | D:3      | Gained mutation: You may rarely emit foul miasma when
                  | damaged in melee. [demonic ancestry]
  3477 | D:3      | Reached XP level 6. HP: 41/41 MP: 7/12
  3671 | D:3      | Learned a level 4 spell: Olgreb's Toxic Radiance
  3803 | D:4      | Found Yxaomyul's Weapon Shop.
  4012 | D:5      | Entered Level 5 of the Dungeon
  4642 | D:5      | Found Muavez's Assorted Antiques.
  4687 | D:5      | Bought a scroll labelled WODUL JOTHAHUA for 32 gold pieces
  4687 | D:5      | Bought a purple potion for 28 gold pieces
  4687 | D:5      | Bought a scroll labelled BAEXISE HUSHRU for 32 gold pieces
  4687 | D:5      | Bought a scroll labelled IHAQAL QESUCERIPU for 32 gold
                  | pieces
  4687 | D:5      | Bought a scroll labelled MIOFEU OFINOB for 32 gold pieces
  4703 | D:5      | Found a burning altar of Makhleb.
  4708 | D:5      | Noticed an ice beast
  4722 | D:5      | Killed an ice beast
  5030 | D:5      | Gained mutation: You sometimes emit foul miasma when
                  | damaged in melee. [demonic ancestry]
  5030 | D:5      | Reached XP level 7. HP: 44/47 MP: 10/14
  5372 | D:5      | Learned a level 3 spell: Summon Guardian Golem
  5429 | D:4      | Killed Edmund
  5430 | D:4      | Reached skill level 5 in Spellcasting
  5430 | D:4      | Reached skill level 5 in Earth Magic
  5936 | D:4      | Noticed Dowan
  5938 | D:4      | Noticed Duvessa
  5955 | D:4      | Killed Duvessa
  5964 | D:4      | Killed Dowan
  6382 | D:6      | Reached XP level 8. HP: 53/53 MP: 11/16
  6486 | D:6      | Found a staircase to the Ecumenical Temple.
  6600 | Temple   | Entered the Ecumenical Temple
  6966 | D:6      | Found a hide-covered altar of Uskayaw.
  6966 | D:6      | Found a blossoming altar of Fedhas.
  6972 | D:6      | Found an iron altar of Okawaru.
  6975 | D:6      | Found a snail-covered altar of Cheibriados.
  7006 | D:6      | Found a shimmering altar of Xom.
  7008 | D:6      | Found a sacrificial altar of Ru.
  7101 | D:6      | Reached skill level 5 in Stealth
  7286 | D:6      | Learned a level 3 spell: Call Canine Familiar
  7318 | D:7      | Noticed Joseph
  8108 | D:7      | Noticed Menkaure
  8517 | D:7      | Reached skill level 1 in Fighting
  8520 | D:7      | Reached skill level 1 in Short Blades
  8554 | D:7      | Killed Menkaure
  8621 | D:7      | Identified the +4 robe of the Sailor {Rampage rF+ SInv}
  8677 | D:7      | Found an ancient bone altar of Kikubaaqudgha.
  8685 | D:7      | Reached XP level 9. HP: 56/59 MP: 16/19
  8999 | D:7      | Identified the +1 leather armour of Liberalism {Str+6}
  9035 | D:7      | Killed Joseph
  9974 | D:7      | You fall into a shaft and drop 2 floors!
  9975 | D:9      | Noticed a cyclops
 10049 | D:9      | Reached skill level 1 in Armour
 10053 | D:10     | Entered Level 10 of the Dungeon
 10053 | D:10     | Found a flagged portal.
 10062 | Bailey   | Entered a bailey
 10918 | Bailey   | HP: 2/59 [orc warrior/bolt (10)]
 10919 | Bailey   | Slain by an orc warrior

Illustrated notes

Levels and vault maps discovered:
D:1:      dpeg_arrival_rooms_with_view, layout_loops_corners,
          kennysheep_another_room
D:2:      layout_basic, minivault_24, nicolae_elevator_lobby_plus
D:3:      layout_rooms, mainiacjoe_overflow_paths, mainiacjoe_overflow_boulevard
D:4:      layout_loops_ring, cheibrodos_ashenzari_chains, serial_shops,
          nicolae_shop_bloodbath_and_beyond, uniq_edmund, uniq_duvessa
D:5:      layout_basic, bloody_makhleb, serial_shops, shop
D:6:      layout_basic, nicolae_overflow_hallway_of_the_gods, temple_hall
D:7:      layout_rooms, tgw_kikubaaqudgha, uniq_menkaure, uniq_joseph
D:9:      minmay_cut_squares, layout_irregular_city, zin_angel
D:10:     layout_layer_cave, lemuel_mausoleum_altar_yredelemnul,
          elyvilon_altar_3, lemuel_doored_altar, enter_bailey_2
Temple:   nicolae_temple_stand_before_the_council
Bailey:   bailey_polearm_2, bailey

Skill      XL: |  1  2  3  4  5  6  7  8  9 |
---------------+----------------------------+-----
Earth Magic    | 3 4 5 7 |  7.7
Stealth        | 2 3 4 5 6 |  6.3
Dodging        | 2 |  2.9
Spellcasting   | 3 4 5 6 7 |  7.7
Fighting       | 1 |  1.4
Short Blades   | 1 |  1.3
Armour         | 1 |  1.4
Staves         | |  0.1
Transmutations | |  0.8

Action                   |  1- 3 |  4- 6 |  7- 9 || total
-------------------------+-------+-------+-------++-------
Melee: Staff             |    15 |       |       ||    15
       Dagger            |     8 |    34 |    50 ||    92
 Cast: Sandblast         |    61 |    78 |   106 ||   245
  Use: Scroll            |       |     6 |     1 ||     7
       Potion            |       |     1 |     5 ||     6
 Stab: Sleeping          |     2 |     6 |     6 ||    14
       Paralysed         |       |     9 |    33 ||    42
Armor: Robe              |    16 |    22 |    22 ||    60
       Leather armour    |       |       |     6 ||     6
Dodge: Dodged            |    45 |    55 |    61 ||   161
